 Dungeon Crawl Stone Soup version 0.28.0-45-g0d030f2227 (webtiles) character file.

Game seed: 13321514019696890473

809 NinjaNoafa the Gusty (level 7, -2/57 HPs)
             Began as a Black Draconian Air Elementalist on Apr 7, 2022.
             Was a Follower of Fedhas.
             Killed themself with a bounced orb of electricity (7 damage)
             ... on level 6 of the Dungeon.
             The game lasted 00:20:20 (5235 turns).

NinjaNoafa the Gusty (DrAE)                         Turns: 5235, Time: 00:20:21

Health: -2/57      AC:  8    Str: 10    XL:     7   Next: 61%
Magic:  10/12      EV: 13    Int: 18    God:    Fedhas [*.....]
Gold:   238        SH:  0    Dex: 13    Spells: 7/13 levels left

rFire   x . .      SeeInvis .   l - +1 dagger (speed)
rCold   + . .      Faith    .   (no shield)
rNeg    . . .      Spirit   .   (armour unavailable)
rPois   .          Reflect  .   (helmet restricted)
rElec   +          Harm     .   u - +0 cloak
rCorr   .          Rampage  .   (no gloves)
Will    .....                   n - +0 pair of boots
Stlth   ++........              g - amulet of magic regeneration
HPRegen 0.19/turn               k - ring of ice
MPRegen 0.53/turn               (no ring)

@: mighty, attractive, hasted, very quick
A: breathe lightning, AC +6, unfitting armour, electricity resistance,
cold-blooded, horns 2, agile 1
a: Breathe Lightning, Renounce Religion


You were on level 6 of the Dungeon.
You worshipped Fedhas.
Fedhas was aware of your devotion.
You visited 1 branch of the dungeon, and saw 6 of its levels.

You collected 238 gold pieces.

Inventory:

Hand Weapons
 d - a +0 hunting sling
 i - a +0 falchion
 l - a +1 dagger of speed (weapon)
Missiles
 a - 230 stones
 b - 36 sling bullets
 j - 6 silver javelins
 o - 4 atropa-tipped darts
 t - 3 boomerangs (quivered)
Armour
 n - a +0 pair of boots (worn)
 u - a +0 cloak (worn)
Jewellery
 g - an amulet of magic regeneration (around neck)
 k - a ring of ice (left hand)
Scrolls
 e - a scroll of amnesia {unknown}
 h - 2 scrolls of vulnerability
 m - 3 scrolls of teleportation
 p - a scroll of enchant armour {unknown}
 s - 2 scrolls of immolation
 w - a scroll of fog {unknown}
 x - a scroll of holy word {unknown}
Potions
 c - 2 potions of heal wounds
 q - a potion of might


   Skills:
 - Level 3.0 Fighting
 * Level 4.4 Dodging
 - Level 3.0 Stealth
 + Level 3.5 Spellcasting
 + Level 3.3 Conjurations
 + Level 5.5 Air Magic
 * Level 1.4 Invocations


You had 7 spell levels left.
You knew the following spells:

 Your Spells              Type           Power      Damage    Failure   Level
a - Shock                 Conj/Air       76%        1d7       2%          1
b - Static Discharge      Conj/Air       19%        N/A       3%          2
c - Swiftness             Air            23%        N/A       4%          3

Your spell library contained the following spells:

 Spells                   Type           Power      Damage    Failure   Level
 Poisonous Vapours        Pois/Air       26%        N/A       8%          2
 Sting                    Tmut/Pois      12%        1d3       16%         1
 Airstrike                Air            11%        N/A       16%         4
 Sublimation of Blood     Necr           3%         N/A       24%         2
 Wereblood                Tmut           3%         N/A       24%         2
 Confusing Touch          Hex            3%         N/A       43%         3
 Sticky Flame             Conj/Fire      9%         2d3       61%         4
 Dispel Undead            Necr           3%         3d7       83%         4
 Olgreb's Toxic Radiance  Pois           3%         N/A       83%         4
 Yara's Violent Unravell  Hex/Tmut       1%         3d3       99%         5
 Enfeeble                 Hex            1%         N/A       100%        7
 Summon Hydra             Summ           1%         N/A       100%        7


Dungeon Overview and Level Annotations

Branches:
Dungeon (5/15)
 Temple: D:4-7

Altars:
Dithmenos
Fedhas
Makhleb
Sif Muna
Wu Jian


Innate Abilities, Weirdness & Mutations

You can breathe wild blasts of lightning.
Your glossy black scales are hard. (AC +6)
You cannot fit into any form of body armour.
You are resistant to electric shocks. (rElec)
You are cold-blooded and may be slowed by cold attacks.
You have a pair of horns on your head.
You are agile. (Dex +2)


Message History

The shadow imp is attracted toward you. The kobold is attracted toward you.
The jelly is attracted toward you.
Casting: Static Discharge (safe; 3% risk of failure)
Confirm with . or Enter, or press ? or * to list all spells.
The shadow imp is struck by an arc of lightning.
The shadow imp is severely wounded.
You resist.
You are struck by an arc of lightning.
The shadow imp barely misses you. The shadow imp gestures at you.
You struggle to resist.
The kobold throws a stone.
The stone hits you. The jelly closely misses you.
The shadow imp is attracted toward you. The kobold is attracted toward you.
The shadow imp gestures at you.
You struggle to resist.
The shadow imp is attracted toward you. The jelly is attracted toward you.
The kobold throws a stone.
The stone misses you. The shadow imp is attracted toward you.
The kobold is attracted toward you.
Activating: Breathe Lightning (5% risk of failure)
Press: ? - help, Dir - look around, f - activate Look: a shadow imp (severely wounded)
You breathe a wild blast of lightning!
The orb of electricity explodes!
The orb of electricity engulfs you. You resist.
* * * LOW HITPOINT WARNING * * *
The orb of electricity engulfs the shadow imp!!
You kill the shadow imp!
Fedhas accepts your kill.
The orb of electricity engulfs the kobold!!
You kill the kobold!
Fedhas appreciates your contribution to the ecosystem.
The orb of electricity engulfs the jelly!
You kill the jelly!
Fedhas accepts your kill.
The orb of electricity explodes!
The orb of electricity engulfs you! You resist.
* * * LOW HITPOINT WARNING * * *
The orb of electricity explodes!
The orb of electricity engulfs you! You resist.
You die...
Fedhas appreciates your contribution to the ecosystem.

#### #.. #.# #@#
##.####### ##
#)§....... #.
#§§#######
#.#############.§#
.........§§§)..)§#
....##>......###.#####
....##.#####..........
....##.# #..§..###


There were no monsters in sight!

Vanquished Creatures
  Eustachio (D:5)
  A necrophage (D:6)
  A kobold brigand (D:6)
  3 scorpions
  A hound (D:4)
  2 jellies
  2 bullfrog skeletons (D:5)
  Terence (D:3)
  4 gnolls (D:3)
  6 adders
  A shadow imp (D:6)
  An adder skeleton (D:4)
  2 worms (D:2)
  4 dart slugs
  3 orcs
  6 ball pythons
  10 endoplasms
  5 giant cockroaches
  6 goblins
  6 hobgoblins
  4 jackals (D:1)
  A quokka (D:1)
  4 bats
  2 frilled lizards (D:2)
  10 kobolds
  A rat (D:3)
88 creatures vanquished.

Vanquished Creatures (others)
  18 fungi (D:3)
  38 plants (D:3)
56 creatures vanquished.

Grand Total: 144 creatures vanquished

Notes
Turn   | Place    | Note
-------+----------+-------------------------------------------
     0 | D:1      | NinjaNoafa the Draconian Air Elementalist began the quest
                  | for the Orb.
     0 | D:1      | Reached XP level 1. HP: 14/14 MP: 3/3
   304 | D:1      | Reached XP level 2. HP: 13/20 MP: 0/5
   613 | D:1      | Found a faded altar of an unknown god.
  1074 | D:1      | Reached XP level 3. HP: 26/26 MP: 4/6
  2058 | D:3      | Reached XP level 4. HP: 33/33 MP: 4/7
  2260 | D:3      | Found a burning altar of Makhleb.
  2444 | D:3      | Noticed Terence
  2482 | D:3      | Killed Terence
  2788 | D:3      | Reached XP level 5. HP: 28/39 MP: 3/8
  3078 | D:3      | Found a blossoming altar of Fedhas.
  3101 | D:3      | Noticed an oklob plant
  3114 | D:3      | Became a worshipper of Fedhas Madash
  3379 | D:4      | Reached skill level 1 in Fighting
  3935 | D:4      | Reached XP level 6. HP: 25/51 MP: 7/10
  4153 | D:4      | Found a shimmering blue altar of Sif Muna.
  4156 | D:4      | Found an ornate altar of the Wu Jian Council.
  4160 | D:4      | Found a shadowy altar of Dithmenos.
  4251 | D:5      | Entered Level 5 of the Dungeon
  4559 | D:5      | Reached skill level 4 in Air Magic
  4712 | D:5      | Learned a level 2 spell: Static Discharge
  5003 | D:5      | Noticed Eustachio
  5014 | D:5      | Killed Eustachio
  5015 | D:5      | Your scales start taking on a glossy black colour.
  5015 | D:5      | Reached skill level 5 in Air Magic
  5015 | D:5      | Reached XP level 7. HP: 51/57 MP: 7/11
  5015 | D:5      | Gained mutation: You are resistant to electric shocks.
                  | (rElec) [Black Draconian growth]
  5155 | D:5      | You fall into a shaft and drop 1 floor!
  5170 | D:6      | Learned a level 3 spell: Swiftness
  5195 | D:6      | Reached skill level 1 in Invocations
  5212 | D:6      | Gained mutation: You have a pair of small horns on your
                  | head. [potion of mutation]
  5212 | D:6      | Gained mutation: You are agile. (Dex +2) [potion of
                  | mutation]
  5212 | D:6      | Gained mutation: You have a pair of horns on your head.
                  | [potion of mutation]
  5235 | D:6      | Reached * piety under Fedhas
  5235 | D:6      | Killed themself with a bounced orb of electricity

Illustrated notes

Levels and vault maps discovered:
D:1:      psy_arrival_radial02, layout_loops_ring,
          chequers_ecumenical_altar_island, chequers_garden, minmay_pentomino_o4
D:2:      layout_basic, chequers_mini_garden, minmay_diced_spiral
D:3:      layout_loops_corners, tgw_fedhas, mainiacjoe_overflow_chevrons,
          uniq_terence
D:4:      layout_rooms, grunt_temple_overflow_diamond,
          kennysheep_generic_room_15
D:5:      layout_loops_ring, uniq_eustachio
D:6:      layout_loops_ring, kennysheep_little_box,
          gammafunk_ghost_abyssal_escape, uniq_duvessa

Skill      XL: |  1  2  3  4  5  6  7 |
---------------+----------------------+-----
Stealth        | 2 3 |  3.0
Dodging        | 2 3 4 |  4.4
Fighting       | 3 |  3.0
Conjurations   | 2 3 |  3.3
Air Magic      | 5 |  5.5
Spellcasting   | 3 |  3.5
Invocations    | 1 |  1.4

Action                   |  1- 3 |  4- 6 |  7- 9 || total
-------------------------+-------+-------+-------++-------
Melee: Unarmed           |    18 |       |       ||    18
       Hunting sling     |    12 |       |       ||    12
       Tailslap          |     2 |    17 |       ||    19
       Dagger            |       |    94 |     5 ||    99
       Punch             |       |     3 |       ||     3
       Headbutt          |       |       |     1 ||     1
 Fire: Hunting sling     |    49 |    18 |       ||    67
Throw: Javelin           |     6 |       |       ||     6
       Boomerang         |       |     1 |       ||     1
 Cast: Shock             |    50 |   103 |     5 ||   158
       Static Discharge  |       |     4 |     9 ||    13
       Swiftness         |       |       |     1 ||     1
 Abil: Breathe Lightning |       |       |     2 ||     2
  Use: Potion            |       |     7 |     5 ||    12
       Scroll            |       |     4 |       ||     4
Armor: Skin              |    41 |    45 |     8 ||    94
Dodge: Dodged            |    89 |    76 |    15 ||   180
